TOP OF THE 1ST |
Birmingham Steeldogs batting - Pitching for Plymouth Rocks : RHP José Martínez
|
Pitching: RHP José Martínez
|
|
Batting: RHB Nick Webb
|
0-0: Ball 1-0: Fly out, F4 (Popup, 34D)
|
Batting: LHB José Sánchez
|
0-0: Fly out, F9 (Flyball, 89M)
|
Batting: LHB Chris Miller
|
0-0: Called Strike 0-1: Called Strike 0-2: Strikes out swinging
|
Top of the 1st over - 0 run(s), 0 hit(s), 0 error(s), 0 left on base; Birmingham 0 - Plymouth 0 |
BOTTOM OF THE 1ST |
Plymouth Rocks batting - Pitching for Birmingham Steeldogs : RHP Pete Cook
|
Pitching: RHP Pete Cook
|
|
Batting: LHB Sean Nicks
|
0-0: Ball 1-0: Ball 2-0: Ball 3-0: Base on Balls
|
Batting: RHB Luis Sánchez
|
0-0: Foul Ball, location: 2F 0-1: Ball 1-1: Ball 2-1: Fly out, F8 (Flyball, 8LM)
|
Batting: LHB Roy Patrick
|
0-0: Ball 1-0: Ball 2-0: Swinging Strike 2-1: Ball 3-1: Foul Ball, location: 2F 3-2: Strikes out swinging
|
Batting: LHB Roger Moore
|
0-0: Called Strike 0-1: Swinging Strike 0-2: Fly out, F5 (Popup, 5F)
|
Bottom of the 1st over - 0 run(s), 0 hit(s), 0 error(s), 1 left on base; Birmingham 0 - Plymouth 0 |
TOP OF THE 2ND |
Birmingham Steeldogs batting - Pitching for Plymouth Rocks : RHP José Martínez
|
Batting: LHB Arturo Molina
|
0-0: Called Strike 0-1: Ball 1-1: Ground out 6-3 (Groundball, 6MS)
|
Batting: LHB José Martínez
|
0-0: Ball 1-0: Ball 2-0: Foul Ball, location: 2F 2-1: Swinging Strike 2-2: Ball 3-2: Base on Balls
|
Batting: RHB Raúl Soto
|
0-0: Ball 1-0: Ball 2-0: Foul Ball, location: 2F 2-1: Fly out, F8 (Flyball, 8LXD)
|
Batting: RHB Lorenzo Martínez
|
0-0: Fly out, F9 (Flyball, 89XD)
|
Top of the 2nd over - 0 run(s), 0 hit(s), 0 error(s), 1 left on base; Birmingham 0 - Plymouth 0 |
BOTTOM OF THE 2ND |
Plymouth Rocks batting - Pitching for Birmingham Steeldogs : RHP Pete Cook
|
Batting: SHB Greg Welch
|
0-0: Ball 1-0: SOLO HOME RUN (Flyball, 89XD), Distance : 439 ft
|
Batting: RHB Andrés Lara
|
0-0: Ball 1-0: Called Strike 1-1: Ball 2-1: DOUBLE (Line Drive, 8LD)
|
Batting: LHB Barrett Waters
|
0-0: Ball 1-0: 2-RUN HOME RUN (Flyball, 9D), Distance : 374 ft
|
Batting: RHB Jorge Jiménez
|
0-0: Called Strike 0-1: Ball 1-1: Foul Ball, location: 2F 1-2: Ball 2-2: Ball 3-2: Strikes out swinging, 2-3 out at first.
|
Batting: RHB Víctor Chávez
|
0-0: Ball 1-0: Ball 2-0: Ball 3-0: Called Strike 3-1: Base on Balls
|
Batting: LHB Sean Nicks
|
0-0: Called Strike Víctor Chávez steals 2nd base 0-1: Called Strike 0-2: SINGLE (Groundball, 4M) Víctor Chávez to third
|
Batting: RHB Luis Sánchez
|
0-0: Ball 1-0: Ball 2-0: Ball 3-0: Called Strike 3-1: Base on Balls Sean Nicks to second
|
Batting: LHB Roy Patrick
|
0-0: Ball 1-0: Foul Ball, location: 2F 1-1: Ball 2-1: Ball 3-1: Foul Ball, location: 2F 3-2: Fly out, F7 (Flyball, 7D) Runner from 3rd tags up, SCORES, no throw
|
Batting: LHB Roger Moore
|
0-0: Swinging Strike 0-1: Called Strike 0-2: Foul Ball, location: 2F 0-2: Strikes out swinging
|
Bottom of the 2nd over - 4 run(s), 4 hit(s), 0 error(s), 2 left on base; Birmingham 0 - Plymouth 4 |
TOP OF THE 3RD |
Birmingham Steeldogs batting - Pitching for Plymouth Rocks : RHP José Martínez
|
Batting: LHB Mitchell Oglethorpe
|
0-0: Ball 1-0: Called Strike 1-1: Ball 2-1: Ball 3-1: Fly out, F4 (Popup, 4)
|
Batting: LHB Ben Kelley
|
0-0: Swinging Strike 0-1: Ball 1-1: Ball 2-1: Ball 3-1: Called Strike 3-2: SINGLE (Line Drive, 8LS)
|
Batting: RHB Nick Webb
|
0-0: Called Strike 0-1: Ball 1-1: SINGLE (Groundball, 34S) (infield hit) Ben Kelley to second
|
Batting: LHB José Sánchez
|
0-0: Called Strike 0-1: Ball 1-1: DOUBLE (Line Drive, 89M) Ben Kelley scores Nick Webb to third Runner from 3rd tries for Home, SAFE, no throw or cutoff
|
Batting: LHB Chris Miller
|
0-0: Ball 1-0: Called Strike 1-1: Ball 2-1: Foul Ball, location: 2F 2-2: Ball 3-2: Fly out, F8 (Flyball, 8LD) Runner from 2nd tags up, SAFE at 3rd, no throw
|
Batting: LHB Arturo Molina
|
0-0: Called Strike 0-1: Ball 1-1: Ball 2-1: Called Strike 2-2: Fly out, F8 (Flyball, 8RM)
|
Top of the 3rd over - 2 run(s), 3 hit(s), 0 error(s), 1 left on base; Birmingham 2 - Plymouth 4 |
BOTTOM OF THE 3RD |
Plymouth Rocks batting - Pitching for Birmingham Steeldogs : RHP Pete Cook
|
Batting: SHB Greg Welch
|
0-0: Ball 1-0: Ball 2-0: Called Strike 2-1: Ball 3-1: Foul Ball, location: 2F 3-2: Base on Balls
|
Batting: RHB Andrés Lara
|
0-0: Ball 1-0: SINGLE (Groundball, 6M) Greg Welch to second
|
Batting: LHB Barrett Waters
|
0-0: Swinging Strike 0-1: Foul Ball, location: 2F 0-2: Ball 1-2: Strikes out looking
|
Batting: RHB Jorge Jiménez
|
0-0: Ball 1-0: Fielders Choice at 2nd, 1-4 (Groundball, 13S) Greg Welch to third
|
Batting: RHB Víctor Chávez
|
0-0: Called Strike 0-1: Foul Ball, location: 2F 0-2: Ball 1-2: SINGLE (Groundball, 56D) Greg Welch scores Jorge Jiménez to second
|
Batting: LHB Sean Nicks
|
0-0: Ball 1-0: Ball 2-0: Ball 3-0: Called Strike 3-1: Base on Balls Jorge Jiménez to third Víctor Chávez to second
|
Batting: RHB Luis Sánchez
|
0-0: Called Strike 0-1: Foul Ball, location: 2F 0-2: Fielders Choice at 2nd, 6-4 (Groundball, 6)
|
Bottom of the 3rd over - 1 run(s), 2 hit(s), 0 error(s), 2 left on base; Birmingham 2 - Plymouth 5 |
TOP OF THE 4TH |
Birmingham Steeldogs batting - Pitching for Plymouth Rocks : RHP José Martínez
|
Batting: LHB José Martínez
|
0-0: DOUBLE (Flyball, 78XD)
|
Batting: RHB Raúl Soto
|
0-0: Foul Ball, location: 2F 0-1: Ground out 6-3 (Groundball, 6M) José Martínez to third
|
Batting: RHB Lorenzo Martínez
|
0-0: Ball 1-0: Foul Ball, location: 2F 1-1: Swinging Strike 1-2: Fly out, F6 (Line Drive, 6M)
|
Batting: LHB Mitchell Oglethorpe
|
0-0: Called Strike 0-1: Foul Ball, location: 2F 0-2: Ball 1-2: Ball 2-2: Strikes out swinging
|
Top of the 4th over - 0 run(s), 1 hit(s), 0 error(s), 1 left on base; Birmingham 2 - Plymouth 5 |
BOTTOM OF THE 4TH |
Plymouth Rocks batting - Pitching for Birmingham Steeldogs : RHP Pete Cook
|
Batting: LHB Roy Patrick
|
0-0: Foul Ball, location: 2F 0-1: Foul Ball, location: 2F 0-2: Ground out 6-3 (Groundball, 6M)
|
Batting: LHB Roger Moore
|
0-0: Foul Ball, location: 2F 0-1: Ball 1-1: Ball 2-1: Ball 3-1: Ground out 4-3 (Groundball, 4S)
|
Batting: SHB Greg Welch
|
0-0: Ball 1-0: Ball 2-0: Ball 3-0: Called Strike 3-1: Base on Balls
|
Batting: RHB Andrés Lara
|
0-0: Ball 1-0: SINGLE (Flyball, 8RS) Greg Welch to second
|
Batting: LHB Barrett Waters
|
0-0: Called Strike 0-1: Foul Ball, location: 2F 0-2: Foul Ball, location: 2F 0-2: Strikes out swinging
|
Bottom of the 4th over - 0 run(s), 1 hit(s), 0 error(s), 2 left on base; Birmingham 2 - Plymouth 5 |
TOP OF THE 5TH |
Birmingham Steeldogs batting - Pitching for Plymouth Rocks : RHP José Martínez
|
Batting: LHB Ben Kelley
|
0-0: SINGLE (Groundball, 6MD)
|
Batting: RHB Nick Webb
|
0-0: Called Strike 0-1: Ball 1-1: Ball 2-1: Foul Ball, location: 2F 2-2: SINGLE (Line Drive, 6D) Ben Kelley to second
|
Batting: LHB José Sánchez
|
0-0: Foul Ball, location: 2F 0-1: Grounds into double play, U4-3 (Groundball, 4) Ben Kelley to third
|
Batting: LHB Chris Miller
|
0-0: Foul Ball, location: 2F 0-1: Ball 1-1: Called Strike 1-2: Strikes out swinging
|
Top of the 5th over - 0 run(s), 2 hit(s), 0 error(s), 1 left on base; Birmingham 2 - Plymouth 5 |
BOTTOM OF THE 5TH |
Plymouth Rocks batting - Pitching for Birmingham Steeldogs : RHP Pete Cook
|
Batting: RHB Jorge Jiménez
|
0-0: Ball 1-0: Ball 2-0: Foul Ball, location: 2F 2-1: Ball 3-1: Base on Balls
|
Pitching: RHP Michel Dallaire
|
|
Batting: RHB Víctor Chávez
|
Pickoff Throw to First - Out! 0-0: Called Strike 0-1: Swinging Strike 0-2: Ground out 6-3 (Groundball, 6)
|
Batting: LHB Sean Nicks
|
0-0: Ball 1-0: Ball 2-0: Called Strike 2-1: Ground out 4-3 (Groundball, 4)
|
Bottom of the 5th over - 0 run(s), 0 hit(s), 0 error(s), 0 left on base; Birmingham 2 - Plymouth 5 |
TOP OF THE 6TH |
Birmingham Steeldogs batting - Pitching for Plymouth Rocks : RHP José Martínez
|
Batting: LHB Arturo Molina
|
0-0: Foul Ball, location: 2F 0-1: Ball 1-1: Ball 2-1: Foul Ball, location: 2F 2-2: Ball 3-2: Ground out U3 (Groundball, 3S)
|
Batting: LHB José Martínez
|
0-0: Ball 1-0: Called Strike 1-1: Reached on error, E5 (Groundball, 56S)
|
Batting: RHB Raúl Soto
|
0-0: Swinging Strike 0-1: Called Strike 0-2: Strikes out looking
|
Batting: RHB Lorenzo Martínez
|
0-0: Ball 1-0: Fielders Choice at 2nd, U6 (Groundball, 6M)
|
Top of the 6th over - 0 run(s), 0 hit(s), 1 error(s), 1 left on base; Birmingham 2 - Plymouth 5 |
BOTTOM OF THE 6TH |
Plymouth Rocks batting - Pitching for Birmingham Steeldogs : RHP Michel Dallaire
|
Batting: RHB Luis Sánchez
|
0-0: Swinging Strike 0-1: Called Strike 0-2: SINGLE (Groundball, 6M)
|
Batting: LHB Roy Patrick
|
0-0: Ball 1-0: Foul Ball, location: 2F 1-1: SINGLE (Groundball, 34D) Luis Sánchez to second Runner from 2nd tries for 3rd, SAFE, throw made to third
|
Batting: LHB Roger Moore
|
0-0: SINGLE (Groundball, 4M) Luis Sánchez scores Roy Patrick to second Runner from 2nd tries for 3rd, OUT! Roger Moore to second
|
Batting: SHB Greg Welch
|
0-0: Intentional Walk
|
Batting: RHB Andrés Lara
|
0-0: Swinging Strike 0-1: Swinging Strike 0-2: Ball 1-2: Ball 2-2: DOUBLE (Flyball, 89XD) Roger Moore scores Greg Welch to third
|
Batting: LHB Barrett Waters
|
0-0: SINGLE (Groundball, 34D) Greg Welch scores Andrés Lara to third Runner from 3rd tries for Home, SAFE, no throw or cutoff
|
Pitching: RHP José Ruíz
|
|
Batting: RHB Jorge Jiménez
|
0-0: Fly out, F9 (Flyball, 9LM)
|
Batting: RHB Víctor Chávez
|
0-0: Called Strike 0-1: Ball 1-1: Ground out 5-3 (Groundball, 5L)
|
Bottom of the 6th over - 4 run(s), 5 hit(s), 0 error(s), 1 left on base; Birmingham 2 - Plymouth 9 |
TOP OF THE 7TH |
Birmingham Steeldogs batting - Pitching for Plymouth Rocks : RHP José Martínez
|
Batting: LHB Mitchell Oglethorpe
|
0-0: Ball 1-0: Called Strike 1-1: Ball 2-1: Ball 3-1: Called Strike 3-2: Fly out, F6 (Popup, 6)
|
Batting: LHB Ben Kelley
|
0-0: Called Strike 0-1: Fly out, F8 (Flyball, 8RXD)
|
Batting: RHB Nick Webb
|
0-0: Called Strike 0-1: Ball 1-1: Foul Ball, location: 2F 1-2: Fly out, F9 (Flyball, 9S)
|
Top of the 7th over - 0 run(s), 0 hit(s), 0 error(s), 0 left on base; Birmingham 2 - Plymouth 9 |
BOTTOM OF THE 7TH |
Plymouth Rocks batting - Pitching for Birmingham Steeldogs : RHP José Ruíz
|
Batting: LHB Sean Nicks
|
0-0: Ball 1-0: Called Strike 1-1: Ball 2-1: Fly out, F8 (Flyball, 8RD)
|
Batting: RHB Luis Sánchez
|
0-0: Ball 1-0: SINGLE (Line Drive, 56D)
|
Batting: LHB Roy Patrick
|
0-0: Swinging Strike 0-1: Ball 1-1: Ball 2-1: Ball 3-1: Base on Balls Luis Sánchez to second
|
Batting: LHB Roger Moore
|
0-0: Called Strike 0-1: Fly out, F8 (Flyball, 8RD)
|
Batting: SHB Greg Welch
|
0-0: Ball Wild Pitch! Luis Sánchez to third Roy Patrick to second 1-0: Ball 2-0: Called Strike 2-1: Foul Ball, location: 2F 2-2: Foul Ball, location: 2F 2-2: Fly out, F9 (Flyball, 9D)
|
Bottom of the 7th over - 0 run(s), 1 hit(s), 0 error(s), 2 left on base; Birmingham 2 - Plymouth 9 |
TOP OF THE 8TH |
Birmingham Steeldogs batting - Pitching for Plymouth Rocks : RHP José Martínez
|
Pitching: RHP Lorenzo Ramos
|
|
Now at C: Tadakuni Sugiyama
|
|
Batting: LHB José Sánchez
|
0-0: SINGLE (Groundball, 4MD)
|
Batting: LHB Chris Miller
|
|
Pinch Hitting: RHB Carlos García
|
0-0: Fielders Choice at 2nd, 5-4 (Groundball, 5L)
|
Batting: LHB Arturo Molina
|
0-0: TRIPLE (Line Drive, 78D) Carlos García scores
|
Batting: LHB José Martínez
|
0-0: Ball 1-0: Fly out, F6 (Popup, 56)
|
Batting: RHB Raúl Soto
|
0-0: Ball 1-0: Called Strike 1-1: Foul Ball, location: 2F 1-2: Fly out, F8 (Popup, 89S)
|
Top of the 8th over - 1 run(s), 2 hit(s), 0 error(s), 1 left on base; Birmingham 3 - Plymouth 9 |
BOTTOM OF THE 8TH |
Plymouth Rocks batting - Pitching for Birmingham Steeldogs : RHP José Ruíz
|
Now in RF: Carlos García
|
|
Batting: RHB Andrés Lara
|
0-0: Called Strike 0-1: Foul Ball, location: 2F 0-2: Ball 1-2: Ball 2-2: Strikes out swinging
|
Pitching: RHP César López
|
|
Batting: LHB Barrett Waters
|
0-0: Ball 1-0: Swinging Strike 1-1: Ball 2-1: Foul Ball, location: 2F 2-2: Ball 3-2: Foul Ball, location: 2F 3-2: Foul Ball, location: 2F 3-2: Foul Ball, location: 2F 3-2: Strikes out swinging
|
Batting: RHB Jorge Jiménez
|
0-0: Ground out 6-3 (Groundball, 6)
|
Bottom of the 8th over - 0 run(s), 0 hit(s), 0 error(s), 0 left on base; Birmingham 3 - Plymouth 9 |
TOP OF THE 9TH |
Birmingham Steeldogs batting - Pitching for Plymouth Rocks : RHP Lorenzo Ramos
|
Now at 1B: Júlio Negrón
|
|
Batting: RHB Lorenzo Martínez
|
0-0: Called Strike 0-1: Swinging Strike 0-2: Strikes out swinging
|
Batting: LHB Mitchell Oglethorpe
|
0-0: Ball 1-0: Ball 2-0: Ball 3-0: Base on Balls
|
Batting: LHB Ben Kelley
|
0-0: Ball 1-0: Ball 2-0: Called Strike 2-1: Foul Ball, location: 2F 2-2: Ball 3-2: Base on Balls Mitchell Oglethorpe to second
|
Batting: RHB Nick Webb
|
0-0: Ball 1-0: Fielders Choice at 2nd, 3-6 (Groundball, 3) Mitchell Oglethorpe to third
|
Batting: LHB José Sánchez
|
0-0: Ball 1-0: Ball 2-0: Foul Ball, location: 2F 2-1: Ball 3-1: Fly out, F8 (Flyball, 8LS)
|
Top of the 9th over - 0 run(s), 0 hit(s), 0 error(s), 2 left on base; Birmingham 3 - Plymouth 9 |
|